 Dungeon Crawl Stone Soup version 0.16-a0-44-gd96af6c (console) character file.

234590 MrRokkomies the Impaler (level 18, -2/178 HPs)
             Began as a Minotaur Artificer on Aug 2, 2014.
             Was a High Priest of Trog.
             Shot with an arrow by a naga sharpshooter (6 damage)
             ... on Level 5 of the Snake Pit on Aug 5, 2014.
             The game lasted 04:27:35 (51499 turns).

MrRokkomies the Impaler (Minotaur Artificer)       Turns: 51499, Time: 04:27:35

HP  -2/178       AC 33     Str 18      XL: 18   Next: 88%
MP  27/31        EV 10     Int  9      God: Trog [*****.]
Gold 101         SH  0     Dex 17      Spells:  0 memorised, 17 levels left

rFire  + . .     SeeInvis .     a - +12 Glaive of Prune {chop}
rCold  + . .     Clarity  .     K - +7 plate armour {rF+}
rNeg   . . .     rCorr    .     (no shield)
rPois  +         rRot     .     (helmet restricted)
rElec  .         Spirit   .     N - +2 cloak {rC+}
SustAb .         Warding  .     C - +2 pair of gloves {archery}
rMut   .         Stasis   .     S - +0 pair of boots
Gourm  +                        F - amulet of the gourmand
MR     +++..                    i - ring of poison resistance
                                p - ring of teleport control

@: lethally poisoned, about to teleport, controlling teleports, very slightly
contaminated, regenerating, hasted, very quick, extremely resistant to hostile
enchantments, extremely unstealthy
A: retaliatory headbutt, horns 2, evolution 1
a: Burn Spellbooks, Berserk, Trog's Hand, Brothers in Arms, Renounce Religion,
Evoke Teleport Control
}: 1/15 runes: decaying


You were on level 5 of the Snake Pit.
You worshipped Trog.
Trog was extremely pleased with you.
You were full.

You visited 6 branches of the dungeon, and saw 38 of its levels.
You also visited: Ice Cave.

You collected 4118 gold pieces.
You spent 4017 gold pieces at shops.

Inventory:

Hand weapons
 a - the +12 Glaive of Prune (weapon) {chop}
   (Trog gifted it to you on level 10 of the Dungeon)

   It inflicts extra damage upon your enemies.
 l - a +1 triple crossbow of freezing
 E - a +0 blowgun
 L - a +1 antimagic halberd
Missiles
 c - 142 bolts
 z - 19 bolts of frost
 B - 9 curare-tipped needles
 H - 11 silver bolts
 U - 4 poisoned javelins (quivered)
Armour
 C - a +2 pair of gloves of archery (worn)
 K - a +7 plate armour of fire resistance (worn)
 N - a +2 cloak of cold resistance (worn)
 S - a +0 pair of boots (worn)
Magical devices
 b - a wand of hasting (2)
 d - a wand of invisibility (1)
 q - a wand of fire (4)
 s - a wand of lightning (2)
 w - a wand of fireball (6)
 x - a wand of digging (8)
 y - a wand of confusion (6)
 J - a wand of fireball (5)
 O - a wand of fire (6)
 Z - a wand of cold (5)
Comestibles
 f - 20 bread rations
 u - 11 meat rations
 A - 79 fruits
Scrolls
 e - 7 scrolls of teleportation
 j - 3 scrolls of magic mapping
 n - a scroll of vulnerability
 v - 15 scrolls of identify
 Q - a scroll of enchant weapon
 X - 11 scrolls of remove curse
Jewellery
 g - an uncursed amulet of stasis
 i - a ring of poison resistance (right hand)
 k - an uncursed ring of protection from fire
 p - a ring of teleport control (left hand)
 F - an amulet of the gourmand (around neck)
 M - an uncursed ring of protection from magic
 P - an uncursed ring of protection from cold
 V - an uncursed ring of flight
Potions
 m - 4 potions of magic
 o - 3 potions of agility
 D - 2 potions of cancellation
 G - 3 potions of haste
 I - 3 potions of might
 R - a potion of porridge
 W - a potion of restore abilities
Books
 t - a tome of Destruction
Miscellaneous
 T - a fan of gales (inert)
 Y - a sack of spiders {used: 1}
Rods
 r - a +5 lightning rod (4/15)
   (You bought it in a shop on level 4 of the Orcish Mines)


   Skills:
 - Level 20.0 Fighting
   Level 1.1 Short Blades
 - Level 20.9 Polearms
 * Level 16.6 Armour
 * Level 12.8 Dodging
 - Level 0.7 Stealth
 - Level 14.3 Evocations


You had 17 spell levels left.
You didn't know any spells.

Dungeon Overview and Level Annotations

Branches:
Dungeon (15/15)            Temple (1/1) D:4             Orc (4/4) D:10
    Elf (0/3) Orc:4          Lair (8/8) D:10          Swamp (5/5) Lair:4
  Snake (5/5) Lair:3        Slime (0/6) Lair:6       Vaults (0/5) D:13
 Depths (0/5) D:15

Altars:
Ashenzari
Cheibriados
Dithmenos
Elyvilon
Gozag
Kikubaaqudgha
Makhleb
Nemelex Xobeh
Okawaru
Qazlal
Trog
Vehumet
Xom
Yredelemnul
Beogh

Shops:
D:4 =   D:10 %   Orc:2 (   Orc:4 }*(!   Snake:1 [   Snake:4 *:[

Annotations:
Swamp:3 exclusion: Roxanne, Roxanne


Innate Abilities, Weirdness & Mutations

You reflexively headbutt those who attack you in melee.
You have a pair of horns on your head.
You evolve.


Message History

The arrow hits you!
* * * LOW HITPOINT WARNING * * *
The naga warrior hits you but does no damage.
Your attempt to break free from the naga warrior fails, but you feel that another attempt might succeed.
You feel sick. The naga spits poison at you. The splash of poison misses you.
The splash of poison hits the naga sharpshooter.
The naga spits poison at you. The splash of poison hits you! You resist.
You escape the naga warrior's grasp.
You feel sick. The naga closely misses you.
The naga sharpshooter casts a spell.
Magically, the naga sharpshooter shoots an arrow.
The arrow hits you!
* * * LOW HITPOINT WARNING * * *
The greater naga gestures wildly while chanting.
The greater naga seems to speed up.
The naga sharpshooter shoots an arrow.
The arrow hits you.
You die...

##...$................
.............#.#......
...........###...###...
#..........##.........##. ###
#........##....⌠...⌠....#
...###.......#............N...
##....#........#N(N...N[(.(......
..............N..NNN⌠..(<.....⌠..
......#........#@......))<.......
.$....##.......#........)[N......
......##....[...#.....N⌠...).....
......###.......#)...(...........
###...# ##(......#......[........
#.. #####....##...........## .
##.#######.....#### ### ###'###
#N#


You could see 2 naga warriors, a greater naga, 3 naga sharpshooters and 2 nagas.

Vanquished Creatures
  Saint Roka (Snake:3)
  An Ice Fiend (IceCv)
  Vashnia (Snake:3)
  Rupert (D:14)
  Frances (Swamp:3)
  2 thorn hunters
  11 greater nagas
  Maud (D:14)
  Aizul (Snake:4)
  Azrael (Snake:4)
  6 dire elephants (Lair:8)
  Snorg (Snake:3)
  4 vault guards (D:13)
  Josephine (D:14)
  The ghost of ketsa the Martial Artist, a powerful DrTm of Dithmenos (D:12)
  Harold (Lair:3)
  8 naga warriors
  3 shambling mangroves
  3 centaur warriors (D:15)
  19 hydras
  Erica (Orc:2)
  9 anacondas
  9 alligators
  10 death yaks (Lair:8)
  A tengu warrior (D:13)
  12 naga sharpshooters
  5 orc high priests (Orc:4)
  A spectral orc (D:11)
  2 shock serpents
  5 ice devils (IceCv)
  Nergalle (D:11)
  2 sun demons (Orc:4)
  A fire crab (Lair:5)
  The ghost of Aelig the Frost Mage, an experienced OpIE of Ashenzari (D:8)
  Erolcha (Orc:4)
  11 swamp dragons
  3 spriggan druids
  6 hill giants
  5 naga ritualists
  An unseen horror (D:15)
  A necromancer (D:15)
  6 mana vipers
  4 two-headed ogres
  2 wizards (D:15)
  3 red wasps
  A manticore (D:10)
  An oklob plant (Lair:4)
  3 griffons
  A deep elf conjurer (D:15)
  An ugly thing (D:13)
  5 orc knights
  34 elephants
  8 orc sorcerers
  2 salamanders
  A sixfirhy (Swamp:3)
  3 centaur zombies
  9 naga magi
  33 black mambas
  An orange demon (Orc:4)
  An efreet (D:15)
  23 spiny frogs
  5 guardian serpents
  2 torpor snails
  Psyche (Orc:1)
  3 gargoyles
  A kobold demonologist (D:13)
  14 komodo dragons
  5 yaktaurs (D:15)
  3 freezing wraiths (IceCv)
  3 anaconda simulacra (IceCv)
  2 fire drakes
  A hellwing (Orc:4)
  6 trolls
  A wandering mushroom (Lair:7)
  A red devil (Orc:4)
  7 baby alligators
  A merfolk (D:12)
  5 giant leeches
  Prince Ribbit (D:4)
  A boulder beetle (Lair:6)
  11 bog bodies
  13 ravens
  A wind drake (shapeshifter) (D:15)
  A blue devil (IceCv)
  31 blink frogs
  20 slime creatures
  A trapdoor spider (D:15)
  3 shadows
  A dire elephant simulacrum (IceCv)
  58 orc warriors
  5 wraiths
  5 spriggans
  9 basilisks
  A water elemental (D:14)
  60 yaks
  2 fire elementals
  A vampire (D:12)
  Eustachio (D:8)
  2 centaur simulacra
  5 wyverns
  3 hungry ghosts
  12 hippogriffs
  2 steam dragons
  A chaos spawn (Orc:4)
  6 wargs
  13 vampire mosquitoes
  5 harpy simulacra (IceCv)
  A human zombie (D:14)
  5 porcupines
  6 wolves (Lair:1)
  41 water moccasins
  42 nagas
  Menkaure (D:7)
  5 hydra simulacra (IceCv)
  43 swamp worms
  2 hell hounds (Snake:4)
  A tengu skeleton (D:13)
  4 necrophages
  8 sky beasts
  2 iron troll simulacra (IceCv)
  12 swamp drakes
  2 manticore zombies
  4 ice beasts
  6 centaurs
  A black bear (D:9)
  3 ettin simulacra (IceCv)
  3 phantoms
  4 boggarts (D:15)
  18 ogres
  A boring beetle (Lair:5)
  15 crocodiles
  A manticore skeleton (D:9)
  6 yellow wasps
  Sigmund (D:7)
  22 giant frogs
  3 big kobolds
  Blork the orc (D:4)
  2 komodo dragon zombies
  23 insubstantial wisps
  A cyclops zombie (D:15)
  2 elephant simulacra (IceCv)
  A hippogriff zombie (D:13)
  A troll zombie (D:12)
  26 killer bees
  5 scorpions
  A hippogriff skeleton (D:13)
  18 wights
  A manticore simulacrum (D:14)
  A goliath beetle (D:7)
  7 electric eels (D:13)
  14 crimson imps
  A giant frog skeleton (D:4)
  43 orc priests
  4 draconian simulacra (IceCv)
  13 jellies
  A quasit (D:11)
  17 hounds
  An elf skeleton (D:15)
  A gnoll shaman (D:8)
  34 orc wizards
  6 iguanas
  10 worker ants
  A boulder beetle simulacrum (D:15)
  19 sheep
  4 troll simulacra (IceCv)
  Ijyb (D:2)
  A wolf simulacrum (IceCv)
  A spriggan simulacrum (IceCv)
  Terence (D:3)
  An ogre simulacrum (IceCv)
  A worker ant zombie (D:8)
  5 gnolls (D:8)
  An orc skeleton (D:10)
  107 green rats
  2 shadow imps
  17 white imps
  23 adders
  4 naga simulacra (IceCv)
  10 worms
  6 ufetubi (IceCv)
  7 giant geckos
  4 oozes
  350 orcs
  2 ball pythons
  A bat skeleton (D:8)
  2 giant cockroaches
  34 goblins
  16 hobgoblins
  5 jackals
  8 quokkas
  17 bats
  A giant gecko zombie (D:7)
  2 giant newts
  3 giant spores
  2 goblin skeletons (D:5)
  24 kobolds
  A kobold skeleton (D:8)
  2 kobold zombies
  2 orc zombies
  22 rats
  11 ballistomycetes
  5 briar patches
  A fungus (Lair:7)
  6 plants (Lair:8)
1865 creatures vanquished.

Vanquished Creatures (collateral kills)
  A thorn hunter (Swamp:4)
  2 greater nagas (Snake:5)
  Donald (Swamp:3)
  Wiglaf (Swamp:2)
  2 orc warlords (Orc:4)
  2 naga warriors (Snake:3)
  A hydra (Swamp:4)
  An alligator (Swamp:2)
  2 orc high priests (Orc:4)
  A spriggan druid (Swamp:4)
  A hill giant (D:10)
  2 elephants (Lair:7)
  A black mamba (Snake:5)
  A naga mage (Snake:5)
  A guardian serpent (Snake:5)
  A blue devil (Swamp:3)
  A fire drake (Lair:8)
  2 baby alligators (Swamp:3)
  4 ravens
  A hill giant zombie (D:10)
  A chaos spawn (Orc:4)
  4 nagas
  A warg (Orc:4)
  A porcupine (D:10)
  2 water moccasins (Snake:3)
  3 orc warriors
  A swamp drake (Swamp:4)
  An ogre (Orc:4)
  A killer bee (D:9)
  4 orc priests
  3 orc wizards
  A worker ant (D:6)
  22 orcs
  A goblin (Orc:4)
75 creatures vanquished.

Vanquished Creatures (others)
  A deep troll (Snake:5)
  A spiny frog (Lair:6)
  A two-headed ogre (Swamp:4)
  3 trapdoor spiders
  4 redbacks
  A swamp drake (Swamp:5)
  2 ogres
  2 jackals (D:10)
  A briar patch (Swamp:5)
  10 fungi
  10 plants
36 creatures vanquished.

Grand Total: 1976 creatures vanquished

Notes
Turn   | Place    | Note
--------------------------------------------------------------
     0 | D:1      | MrRokkomies, the Minotaur Artificer, began the quest for the Orb.
     0 | D:1      | Reached XP level 1. HP: 16/16 MP: 1/1
   211 | D:1      | Reached skill level 3 in Evocations
   274 | D:1      | Reached XP level 2. HP: 24/24 MP: 2/2
  1067 | D:2      | Reached XP level 3. HP: 26/30 MP: 3/3
  1524 | D:2      | Found a stormy altar of Qazlal.
  1543 | D:2      | Noticed Ijyb
  1558 | D:2      | Killed Ijyb
  1939 | D:2      | Reached skill level 4 in Evocations
  1939 | D:2      | Reached XP level 4. HP: 9/38 MP: 3/4
  2749 | D:2      | Reached XP level 5. HP: 26/46 MP: 5/5
  3063 | D:3      | Noticed a centaur
  3071 | D:3      | Killed a centaur
  3071 | D:3      | Reached skill level 5 in Evocations
  3164 | D:3      | Reached XP level 6. HP: 47/52 MP: 8/8
  3329 | D:3      | Noticed Terence
  3337 | D:3      | Killed Terence
  3940 | D:4      | Noticed Blork the orc
  3964 | D:4      | Killed Blork the orc
  4155 | D:4      | Found Vaupnau's Jewellery Shop.
  4226 | D:4      | Noticed Prince Ribbit
  4235 | D:4      | Killed Prince Ribbit
  4235 | D:4      | Reached skill level 6 in Evocations
  4235 | D:4      | Reached XP level 7. HP: 24/59 MP: 8/10
  4479 | D:4      | Found a staircase to the Ecumenical Temple.
  4533 | Temple   | Entered the Ecumenical Temple
  4584 | Temple   | Became a worshipper of Trog the Wrathful
  4851 | D:5      | Entered Level 5 of the Dungeon
  4896 | D:5      | Reached skill level 5 in Polearms
  5190 | D:5      | Reached skill level 7 in Evocations
  5339 | D:5      | Acquired Trog's first power
  5369 | D:5      | Found a shimmering altar of Xom.
  5423 | D:5      | Reached XP level 8. HP: 45/65 MP: 12/12
  5651 | D:4      | Bought an uncursed ring of poison resistance for 260 gold pieces
  6233 | D:6      | Reached skill level 8 in Evocations
  6585 | D:7      | Acquired Trog's second power
  6748 | D:7      | Noticed Menkaure
  6751 | D:7      | Noticed Sigmund
  6751 | D:7      | Killed Menkaure
  6776 | D:7      | Killed Sigmund
  6815 | D:7      | Reached XP level 9. HP: 31/70 MP: 17/17
  7196 | D:8      | Noticed Aelig's ghost (experienced OpIE)
  7196 | D:8      | Reached skill level 9 in Polearms
  7268 | D:8      | Got a dull robe
  7488 | D:8      | Killed Aelig's ghost
  7488 | D:8      | Reached skill level 10 in Polearms
  7506 | D:8      | Reached skill level 10 in Evocations
  7714 | D:8      | Reached skill level 1 in Armour
  7731 | D:8      | HP: 2/70 [ice beast (14)]
  7878 | D:8      | Noticed Eustachio
  7891 | D:8      | Killed Eustachio
  8058 | D:9      | Reached skill level 11 in Polearms
  8199 | D:9      | Reached XP level 10. HP: 63/78 MP: 19/19
  8322 | D:9      | Acquired Trog's third power
  8326 | D:9      | Received a gift from Trog
  8363 | D:9      | Reached skill level 5 in Armour
  8800 | D:10     | Entered Level 10 of the Dungeon
  8800 | D:10     | Found Ykedwaikh's Food Emporium.
  9087 | D:10     | Found a sparkling altar of Nemelex Xobeh.
  9235 | D:10     | Reached skill level 12 in Polearms
  9273 | D:10     | Noticed a hill giant
  9300 | D:10     | Killed a hill giant
  9394 | D:10     | Identified the +1 robe of the Castellan {rElec rPois rN+ Stlth+} (You found it on level 8 of the Dungeon)
  9402 | D:10     | Found a staircase to the Lair.
  9408 | D:10     | Noticed a hill giant
  9424 | D:10     | Killed a hill giant
  9500 | D:10     | Noticed a hill giant
  9532 | D:10     | Killed a hill giant
  9532 | D:10     | Reached skill level 13 in Polearms
  9682 | D:10     | Found a roughly hewn altar of Beogh.
  9689 | D:10     | Found a staircase to the Orcish Mines.
  9760 | D:10     | Received a gift from Trog
  9783 | D:10     | Reached XP level 11. HP: 52/83 MP: 20/20
 10368 | Lair:1   | Entered Level 1 of the Lair of Beasts
 10369 | Lair:1   | Upgraded the game from 0.15-a0-2388-g9f833ab to 0.16-a0-5-g756871a
 10514 | Lair:1   | Reached skill level 10 in Armour
 10540 | Lair:1   | Reached skill level 14 in Polearms
 11578 | Lair:2   | Reached skill level 5 in Fighting
 11708 | Lair:2   | Noticed a seven-headed hydra
 11717 | Lair:2   | Killed a nine-headed hydra
 11841 | Lair:2   | Reached skill level 15 in Polearms
 11912 | Lair:2   | Received a gift from Trog
 11912 | Lair:2   | Reached XP level 12. HP: 89/96 MP: 22/22
 12534 | Lair:3   | Noticed Harold
 12581 | Lair:3   | Killed Harold
 12589 | Lair:3   | Noticed a six-headed hydra
 12594 | Lair:3   | Killed a seven-headed hydra
 12597 | Lair:3   | Found a staircase to the Snake Pit.
 13376 | Lair:4   | Reached skill level 16 in Polearms
 13404 | Lair:4   | Found a staircase to the Swamp.
 13675 | Lair:4   | Received a gift from Trog
 14182 | Lair:4   | Reached skill level 10 in Fighting
 14791 | Lair:5   | Got a smoking plate armour
 14792 | Lair:5   | Identified the cursed -5 plate armour "Zustin" {Str+2} (You found it on level 5 of the Lair of Beasts)
 15097 | Lair:5   | Received a gift from Trog
 15507 | Lair:5   | Reached skill level 17 in Polearms
 15507 | Lair:5   | Reached XP level 13. HP: 83/114 MP: 22/22
 16149 | Lair:6   | Found a staircase to the Slime Pits.
 16550 | Lair:6   | Received a gift from Trog
 18034 | Lair:7   | Got a warped ring mail
 18035 | Lair:7   | Identified the +5 ring mail of the Untouchables {+Rage rC++ MR++ Dex+3} (You found it on level 7 of the Lair of Beasts)
 18154 | Lair:7   | Reached skill level 18 in Polearms
 18617 | Lair:7   | Received a gift from Trog
 19198 | Lair:7   | Reached XP level 14. HP: 117/129 MP: 23/23
 19336 | Lair:8   | Entered Level 8 of the Lair of Beasts
 19468 | Lair:8   | Received a gift from Trog
 19578 | Lair:8   | Reached skill level 19 in Polearms
 20284 | Lair:8   | Reached skill level 15 in Fighting
 20917 | Lair:8   | Received a gift from Trog
 21784 | Orc:1    | Entered Level 1 of the Orcish Mines
 21852 | Orc:1    | Noticed Psyche
 21856 | Orc:1    | Killed Psyche
 21860 | Orc:1    | Found a roughly hewn altar of Beogh.
 22173 | Orc:1    | Reached skill level 20 in Polearms
 22616 | Orc:1    | Received a gift from Trog
 22617 | Orc:1    | Got a smoking halberd {god gift}
 22619 | Orc:1    | Identified the +11 halberd of Pain and Death {chop, rC+ rN+ MR+ Stlth+} (Trog gifted it to you on level 1 of the Orcish Mines)
 23122 | Orc:2    | Noticed Erica
 23130 | Orc:2    | Killed Erica
 23137 | Orc:2    | Received a gift from Trog
 23221 | Orc:2    | Found Gidwaul's Antique Weapon Shop.
 23664 | Orc:3    | Found a bloodstained altar of Trog.
 23809 | Orc:3    | Received a gift from Trog
 24127 | Orc:4    | Entered Level 4 of the Orcish Mines
 24384 | Orc:4    | Reached XP level 15. HP: 143/143 MP: 25/25
 24419 | Orc:4    | Received a gift from Trog
 24485 | Orc:4    | Noticed Erolcha
 24509 | Orc:4    | Killed Erolcha
 24676 | Orc:4    | Noticed an orc warlord
 24693 | Orc:4    | Killed an orc warlord
 24801 | Orc:4    | Received a gift from Trog
 25006 | Orc:4    | Found a roughly hewn altar of Beogh.
 25353 | Orc:4    | Found Niapn's Distillery.
 25359 | Orc:4    | Bought a potion of restore abilities for 42 gold pieces
 25359 | Orc:4    | Bought a potion of haste for 98 gold pieces
 25359 | Orc:4    | Bought a potion of flight for 42 gold pieces
 25359 | Orc:4    | Bought a potion of degeneration for 28 gold pieces
 25359 | Orc:4    | Bought a potion of berserk rage for 42 gold pieces
 25359 | Orc:4    | Bought 2 potions of mutation for 70 gold pieces
 25368 | Orc:4    | Found Ciong's Antique Weapon Shop.
 25547 | Orc:4    | Received a gift from Trog
 25677 | Orc:4    | Found a staircase to the Elven Halls.
 26144 | Orc:4    | Noticed an orc warlord
 26158 | Orc:4    | Killed an orc warlord
 26245 | Orc:4    | Found a roughly hewn altar of Beogh.
 26431 | Orc:4    | Received a gift from Trog
 26443 | Orc:4    | Found Moseh's Gadget Shop.
 27327 | Orc:4    | Found Daenaepa's General Store.
 27410 | Orc:4    | Bought a wand of invisibility (2) for 90 gold pieces
 27410 | Orc:4    | Bought a wand of hasting (2) for 540 gold pieces
 27410 | Orc:4    | Bought a cursed +0 lightning rod (9/9) for 1050 gold pieces
 27422 | Orc:4    | Gained mutation: Your flesh is cold resistant. [potion of beneficial mutation]
 28418 | D:11     | Noticed Nergalle
 28437 | D:11     | Killed Nergalle
 28585 | D:11     | Received a gift from Trog
 29562 | D:12     | Noticed ketsa's ghost (powerful DrTm)
 29569 | D:12     | Killed ketsa's ghost
 30013 | D:13     | Found a gate to the Vaults.
 30036 | D:13     | Received a gift from Trog
 31220 | D:13     | Received a gift from Trog
 31772 | D:14     | Noticed Josephine
 31780 | D:14     | Killed Josephine
 31780 | D:14     | Reached XP level 16. HP: 157/157 MP: 27/27
 32027 | D:14     | Noticed Maud
 32037 | D:14     | Killed Maud
 32155 | D:14     | Noticed Rupert
 32166 | D:14     | Killed Rupert
 32459 | D:15     | Entered Level 15 of the Dungeon
 33451 | D:15     | Received a gift from Trog
 33485 | D:15     | Found a staircase to the Depths.
 34125 | Swamp:1  | Entered Level 1 of the Swamp
 35577 | Swamp:2  | Received a gift from Trog
 36830 | Swamp:2  | Noticed Wiglaf
 36836 | Swamp:2  | Killed Wiglaf
 37438 | Swamp:3  | Noticed Roxanne
 37464 | Swamp:3  | Noticed Donald
 37474 | Swamp:3  | Killed Donald
 37716 | Swamp:3  | Noticed Frances
 37734 | Swamp:3  | Killed Frances
 38276 | Swamp:3  | Received a gift from Trog
 38877 | Swamp:4  | Reached XP level 17. HP: 161/169 MP: 29/29
 39553 | Swamp:5  | Entered Level 5 of the Swamp
 40592 | Swamp:4  | Reached skill level 5 in Dodging
 42497 | Swamp:5  | Got a decaying rune of Zot
 42579 | Swamp:5  | Received a gift from Trog
 43148 | Lair:1   | Upgraded the game from 0.16-a0-5-g756871a to 0.16-a0-38-g23a437e
 43247 | Snake:1  | Entered Level 1 of the Snake Pit
 43249 | Snake:1  | Found Ontongi's Armour Shop.
 43291 | Snake:1  | Bought a +2 pair of gloves of archery for 214 gold pieces
 43291 | Snake:1  | Bought a +3 plate armour of fire resistance for 585 gold pieces
 43675 | Snake:1  | Gained mutation: You evolve. [potion of beneficial mutation]
 44108 | Snake:2  | Found a frozen archway.
 44114 | Snake:2  | Received a gift from Trog
 44133 | IceCv    | Entered an ice cave
 45347 | IceCv    | Noticed an Ice Fiend
 45350 | IceCv    | Killed an Ice Fiend
 45807 | Snake:2  | Lost mutation: Your flesh is cold resistant. [evolution]
 46139 | Snake:3  | Reached XP level 18. HP: 177/177 MP: 31/31
 46151 | Snake:3  | Noticed Snorg
 46173 | Snake:3  | Killed Snorg
 46304 | Snake:3  | Reached skill level 10 in Dodging
 46306 | Snake:3  | Received a gift from Trog
 46755 | Snake:4  | Found Ackuokhlo's Book Shop.
 46755 | Snake:4  | Noticed Vashnia
 47159 | Snake:4  | Noticed Saint Roka
 47209 | Snake:3  | Killed Vashnia
 47623 | Snake:3  | Killed Saint Roka
 47623 | Snake:3  | Reached skill level 15 in Armour
 47878 | Snake:4  | Noticed Azrael
 48010 | Snake:4  | Killed Azrael
 48047 | Snake:4  | Found Warihad's Armour Emporium.
 48094 | Snake:4  | Bought a tome of Destruction for 225 gold pieces
 48196 | Snake:4  | Noticed Aizul
 48308 | Snake:4  | Killed Aizul
 48878 | Snake:4  | Found Ghea's Assorted Antiques.
 49034 | Snake:4  | Bought a scroll labeled THRIAQ CARCHUNI for 43 gold pieces
 49034 | Snake:4  | Bought a scratched tourmaline ring for 215 gold pieces
 49034 | Snake:4  | Bought a potion of haste for 301 gold pieces
 49034 | Snake:4  | Bought 2 potions of curing for 172 gold pieces
 49289 | Snake:5  | Entered Level 5 of the Snake Pit
 49302 | Snake:5  | Received a gift from Trog
 50605 | Snake:5  | HP: 8/178 [greater naga/bolt of poison (4)]
 50616 | Snake:5  | HP: 1/178 [greater naga/orb of energy (36)]
 51016 | Snake:4  | Upgraded the game from 0.16-a0-38-g23a437e to 0.16-a0-44-gd96af6c
 51499 | Snake:5  | HP: 4/178 [naga sharpshooter/arrow (12)]
 51499 | Snake:5  | Shot with an arrow by a naga sharpshooter

Action                   |  1- 3 |  4- 6 |  7- 9 | 10-12 | 13-15 | 16-18 || total
-------------------------+-------+-------+-------+-------+-------+-------++-------
Melee: Short sword       |   113 |    20 |       |       |       |       ||   133
       Trident           |       |   160 |   141 |   191 |       |     3 ||   495
       Glaive            |       |       |   279 |   461 |  1704 |  1475 ||  3919
       Unarmed           |       |       |       |       |     8 |       ||     8
       Spear             |       |       |       |       |     8 |       ||     8
       Rod               |       |       |       |       |     5 |       ||     5
       Halberd           |       |       |       |       |       |    55 ||    55
 Fire: Shortbow          |       |     5 |     7 |       |       |       ||    12
       Blowgun           |       |     3 |    21 |    20 |     4 |       ||    48
       Triple crossbow   |       |       |       |       |       |     1 ||     1
Throw: Tomahawk          |       |     2 |    11 |       |       |       ||    13
       Javelin           |       |       |       |     8 |     6 |    12 ||    26
Invok: Burn Spellbooks   |       |       |     1 |     2 |     4 |     5 ||    12
       Berserk           |       |       |     2 |     3 |     8 |     8 ||    21
       Brothers in Arms  |       |       |       |       |     5 |    15 ||    20
       Trog's Hand       |       |       |       |       |     1 |     6 ||     7
 Abil: Evoke Teleport Co |       |       |       |       |       |     2 ||     2
Evoke: Wand              |     3 |    14 |    19 |    28 |    13 |    18 ||    95
       Sack of spiders   |       |       |       |       |     3 |     1 ||     4
       Rod               |       |       |       |       |    12 |    55 ||    67
       Deck              |       |       |       |       |       |     2 ||     2
       tome              |       |       |       |       |       |     2 ||     2
       Fan of gales      |       |       |       |       |       |     1 ||     1
  Use: Scroll            |     7 |     4 |     8 |     9 |    17 |    28 ||    73
       Potion            |       |     3 |     3 |     1 |     7 |    24 ||    38
 Stab: Betrayed ally     |       |       |       |     1 |       |       ||     1
       Confused          |       |       |       |     3 |     2 |     1 ||     6
       Sleeping          |       |       |       |       |     2 |       ||     2
       Distracted        |       |       |       |       |     3 |     2 ||     5
       Fleeing           |       |       |       |       |     1 |       ||     1
       Invisible         |       |       |       |       |       |     1 ||     1
  Eat: Chunk             |     2 |     8 |    13 |    23 |    59 |    72 ||   177
       Fruit             |     1 |       |     2 |       |     6 |       ||     9
       Pizza             |       |       |     1 |     3 |     2 |     3 ||     9
       Beef jerky        |       |       |       |       |     2 |     1 ||     3
